 Dungeon Crawl Stone Soup version 0.30-a0-639-g3916f1956a (webtiles) character file.

Game seed: 7448867882698674073

4998 browni3141 the Covert (level 10, -3/61 (63) HPs)
             Began as a Kobold Brigand on Jan 15, 2023.
             Was a Believer of Wu Jian.
             Slain by a troll (6 damage)
             ... on level 7 of the Dungeon.
             The game lasted 00:18:26 (10329 turns).

browni3141 the Covert (Kobold Brigand)             Turns: 10329, Time: 00:18:26

HP:   -3/61 (63)    AC: 10    Str: 10    XL:     10   Next: 83%
MP:   10/10         EV: 21    Int: 12    God:    Wu Jian [**....]
Gold: 418           SH:  0    Dex: 26    Spells: 5/9 levels left

rFire   . . .      SeeInvis .    a - +2 dagger
rCold   . . .      Faith    .    (no shield)
rNeg    . . .      Spirit   .    E - +3 ring mail
rPois   .          Reflect  .    (no helmet)
rElec   .          Harm     .    c - +0 cloak
rCorr   +          Rampage  .    j - +0 pair of gloves
Will    .....                    (no boots)
Stlth   ++++++                   (no amulet)
HPRegen 0.30/turn                v - ring of resist corrosion
MPRegen 0.12/turn                G - +6 ring of dexterity

@: lightly drained
A: small, no large weapons, nightstalker 3
a: Renounce Religion, Wall Jump


You were on level 7 of the Dungeon.
You worshipped Wu Jian.
Wu Jian was pleased with you.
You visited 2 branches of the dungeon, and saw 9 of its levels.

You collected 418 gold pieces.

Inventory:

Hand Weapons
 a - a +2 dagger (weapon)
 b - a +0 short sword
Missiles
 d - 14 poisoned darts
 s - 2 curare-tipped darts (quivered)
Armour
 c - a +0 cloak (worn)
 j - a +0 pair of gloves (worn)
 m - a +0 robe
 q - a +1 robe of positive energy
 E - a +3 ring mail (worn)
Jewellery
 v - a ring of resist corrosion (left hand)
 G - a +6 ring of dexterity (right hand)
Wands
 D - a wand of flame (4)
 F - a wand of polymorph (4)
 H - a wand of iceblast (6)
Scrolls
 e - 2 scrolls of brand weapon {unknown}
 g - 4 scrolls of enchant weapon {unknown}
 l - 3 scrolls of magic mapping {unknown}
 n - 2 scrolls of vulnerability {unknown}
 o - 9 scrolls of identify {unknown}
 p - 2 scrolls of poison {unknown}
 r - 2 scrolls of blinking {unknown}
 t - 2 scrolls of silence {unknown}
 u - 3 scrolls of fear {unknown}
 w - a scroll of fog {unknown}
 x - a scroll of enchant armour {unknown}
 A - 4 scrolls of noise {unknown}
 B - 4 scrolls of teleportation {unknown}
 I - a scroll of torment {unknown}
 L - 2 scrolls of amnesia {unknown}
 N - 2 scrolls of immolation {unknown}
Potions
 f - a potion of ambrosia {unknown}
 h - 4 potions of heal wounds {unknown}
 i - 5 potions of curing
 k - a potion of cancellation {unknown}
 z - 4 potions of attraction {unknown}
 C - 4 potions of haste
 J - a potion of invisibility {unknown}
 K - 2 potions of might
 M - a potion of magic {unknown}


   Skills:
 + Level 7.1 Fighting
 + Level 8.5 Short Blades
 - Level 2.2 Throwing
 * Level 10.5 Dodging
 * Level 13.5 Stealth
 * Level 0.0 Spellcasting
 * Level 0.0 Hexes
 * Level 0.0 Evocations


You had 5 spell levels left.
You knew the following spells:

 Your Spells              Type           Power      Damage    Failure   Level
a - Slow                  Hex            0%         N/A       65%         1
b - Confusing Touch       Hex            0%         N/A       95%         3

Your spell library contained the following spells:

 Spells                   Type           Power      Damage    Failure   Level
 Necrotise                Necr           0%         1d4       65%         1
 Sublimation of Blood     Necr           0%         N/A       78%         2
 Wereblood                Tmut           0%         N/A       78%         2
 Vampiric Draining        Necr           0%         2d6       95%         3
 Agony                    Necr           0%         N/A       100%        5
 Summon Forest            Summ/Tloc      0%         N/A       100%        5
 Summon Mana Viper        Hex/Summ       0%         N/A       100%        5
 Summon Cactus Giant      Summ           0%         N/A       100%        6
 Summon Hydra             Summ           0%         N/A       100%        7


Dungeon Overview and Level Annotations

Branches:
Dungeon (8/15)             Temple (1/1) D:6            Lair (0/5) D:8

Altars:
Ashenzari
Cheibriados
Elyvilon
Fedhas
Gozag
Hepliaklqana
Kikubaaqudgha
Nemelex Xobeh
Okawaru
Ru
Sif Muna
Trog
Uskayaw
Vehumet
Wu Jian
Xom
Yredelemnul
Zin
The Shining One

Annotations:
D:2 exclusion: 2 doors
D:3 exclusion: 2 orc priests
D:5 exclusion: downstairs, Grinder
D:7 exclusions: 3 doors and 1 more exclusion


Innate Abilities, Weirdness & Mutations

You are small and have problems with some larger weapons.
You are completely attuned to the shadows.


Message History

The troll misses you. The troll completely misses you. The troll misses you.
The troll closely misses you. x2; The troll barely misses you.
The troll bites you but does no damage. The troll closely misses you.
The troll claws you!
You are too injured to fight recklessly!
You closely miss the troll. You punch the troll.
The troll is lightly wounded.
You are too injured to fight recklessly!
You closely miss the troll.
The troll is lightly wounded.
The troll completely misses you. The troll closely misses you. x2
The troll bites you. The troll claws you.
* * * LOW HITPOINT WARNING * * *
The troll claws you.
* * * LOW HITPOINT WARNING * * *
The troll bites you.
* * * LOW HITPOINT WARNING * * *
The troll claws you but does no damage. The troll misses you.
You are too injured to fight recklessly!
You hit the troll but do no damage.
The troll is lightly wounded.
Unknown command.
You are too injured to fight recklessly!
You hit the troll.
The troll is moderately wounded.
The troll barely misses you. The troll misses you.
The troll claws you but does no damage. The troll barely misses you.
The troll completely misses you. The troll barely misses you.
The troll misses you. The troll completely misses you. The troll claws you.
* * * LOW HITPOINT WARNING * * *
You hit the troll but do no damage.
The troll is lightly wounded.
Unknown command.
You are too injured to fight recklessly!
You completely miss the troll.
The troll is lightly wounded.
The troll closely misses you. x3; The troll barely misses you.
The troll completely misses you. x2; The troll barely misses you.
The troll claws you.
You die...

#.#.....####..#.#...#.#
#.###'### +#####'###.#
#.##....# #.#.#.#.##
#.#.#...# #.#.#.#..#
#.'...##+.# #.+.#.#.'..##
#.#.#...#).#.:#.#.#.#...#
#.##....##=CD #..[..#.#.#
#.###+#####T#####'###.#.#
#.#.....#.T@T.# #.# #...#
#.#.##.[#.##..###.###.#.#
#.'..##['##.#.'..[..+.#.#
#.#.##.)#.(##.###[###...####
#.#.....#..#..# #.# #.......
#.###'#####'#####'###......#
#..............)..)........#
###...............)....<...#
##########################


You could see a cyclops, 3 trolls and an acid dragon.

Vanquished Creatures
  Pikel (D:5)
  Prince Ribbit (D:6)
  Sigmund (D:6)
  A wyvern (D:8)
  A vampire (D:7)
  An acid dragon (D:6)
  2 water moccasins (D:7)
  4 ice beasts
  2 orc warriors
  3 black bears
  2 ogres
  6 sky beasts
  A lemure (D:5)
  4 bullfrogs
  A gnoll sergeant (D:6)
  2 scorpions
  5 wights
  A killer bee (D:7)
  3 howler monkeys (D:7)
  3 hounds
  5 orc priests
  5 jellies
  Terence (D:2)
  An iguana (D:5)
  9 orc wizards
  9 adders
  19 gnolls
  A river rat (D:4)
  A shadow imp (D:5)
  3 white imps
  An ufetubus (D:7)
  2 adder zombies (D:4)
  A worm (D:4)
  A dart slug (D:1)
  42 orcs
  12 endoplasms
  5 giant cockroaches
  3 hobgoblins
  4 jackals
  3 quokkas
  5 ball pythons
  7 bats
  2 frilled lizards
  10 goblins
  2 kobolds
  2 rats
201 creatures vanquished.

Vanquished Creatures (others)
  A wight (D:8)
  An orc wizard (D:8)
2 creatures vanquished.

Grand Total: 203 creatures vanquished

Notes
Turn   | Place    | Note
-------+----------+-------------------------------------------
     0 | D:1      | browni3141 the Kobold Brigand began the quest for the Orb.
     0 | D:1      | Reached XP level 1. HP: 12/12 MP: 1/1
    50 | D:1      | Reached XP level 2. HP: 16/17 MP: 2/2
   422 | D:1      | Reached XP level 3. HP: 22/22 MP: 3/3
   785 | D:2      | Noticed Terence
   798 | D:2      | Killed Terence
   799 | D:2      | Reached skill level 6 in Stealth
   799 | D:2      | Reached XP level 4. HP: 14/27 MP: 4/4
  1287 | D:2      | HP: 1/27 [gnoll/+0 halberd (13)]
  1478 | D:2      | Reached XP level 5. HP: 32/32 MP: 5/5
  1626 | D:2      | Identified the +9 war axe of Equilibrium {vamp, Str+4
                  | Dex+4}
  2063 | D:3      | Found a sacrificial altar of Ru.
  2509 | D:3      | Found a faded altar of an unknown god.
  3113 | D:4      | Found an iron altar of Okawaru.
  3206 | D:4      | Reached skill level 7 in Stealth
  3230 | D:4      | Reached XP level 6. HP: 34/37 MP: 6/6
  3806 | D:4      | Noticed a black bear
  3809 | D:4      | Killed a black bear
  3810 | D:4      | Reached XP level 7. HP: 42/42 MP: 7/7
  3966 | D:4      | Found a white marble altar of Elyvilon.
  4052 | D:4      | Reached skill level 8 in Stealth
  4260 | D:4      | Reached skill level 5 in Dodging
  4266 | D:4      | Found a basalt altar of Yredelemnul.
  4355 | D:5      | Entered Level 5 of the Dungeon
  4389 | D:5      | Noticed Grinder
  4662 | D:5      | Noticed Pikel
  4718 | D:5      | Found a shimmering blue altar of Sif Muna.
  4974 | D:5      | Reached skill level 5 in Short Blades
  5148 | D:5      | Reached XP level 8. HP: 8/48 MP: 8/8
  6119 | D:5      | Reached skill level 9 in Stealth
  6325 | D:5      | HP: 2/48 [ice beast (7)]
  6781 | D:5      | Killed Pikel
  6782 | D:5      | Reached skill level 5 in Fighting
  6782 | D:5      | Reached skill level 10 in Stealth
  6782 | D:5      | Reached XP level 9. HP: 43/54 MP: 9/9
  6989 | D:6      | Noticed Edmund
  7014 | D:6      | Found a staircase to the Ecumenical Temple.
  7020 | D:6      | Edmund changed into Edmund the acid dragon
  7020 | D:6      | Noticed Edmund
  7030 | D:6      | Killed Edmund the acid dragon
  7068 | Temple   | Entered the Ecumenical Temple
  7192 | Temple   | Became a worshipper of the Wu Jian Council
  7386 | D:6      | Reached skill level 11 in Stealth
  7696 | D:6      | Noticed Sigmund
  7699 | D:6      | Killed Sigmund
  7917 | D:6      | Noticed Prince Ribbit
  7920 | D:6      | Killed Prince Ribbit
  8054 | D:6      | Reached skill level 12 in Stealth
  8054 | D:6      | Reached XP level 10. HP: 60/60 MP: 10/10
  8064 | D:6      | Reached * piety under Wu Jian
  8711 | D:7      | Found the +10 tower shield of Ignorance {rN+ Int-4}
  8779 | D:7      | Noticed a cyclops
  8861 | D:7      | Reached skill level 10 in Dodging
  8861 | D:7      | Reached skill level 13 in Stealth
  9025 | D:7      | Found a blossoming altar of Fedhas.
  9243 | D:7      | Reached ** piety under Wu Jian
 10220 | D:8      | Found a staircase to the Lair.
 10258 | D:8      | Learned a level 1 spell: Slow
 10262 | D:8      | Learned a level 3 spell: Confusing Touch
 10327 | D:7      | HP: 3/61 [troll (6)]
 10329 | D:7      | Slain by a troll

Illustrated notes

Levels and vault maps discovered:
D:1:      dpeg_arrival_fog, layout_loops_cross, minmay_misc_feat_ornament,
          minivault_25
D:2:      kennysheep_big_flooded_room, layout_basic, uniq_terence
D:3:      layout_loops_ring, nicolae_ru_the_path_less_chosen,
          shapermc_ecumenical_altar_mp_vishouse
D:4:      layout_basic, okawaru_gym_becter, elyvilon_altar_5,
          lemuel_zombie_altar_yredelemnul, serial_curves, eino_curves_02,
          eino_curves_01
D:5:      layout_basic, led_sif_book, palyth_stone_intersect, uniq_grinder,
          uniq_crazy_yiuf_cottage, uniq_pikel
D:6:      minmay_octagon_keep, layout_cave_pools,
          minmay_temple_entry_large_hall, uniq_sigmund, uniq_prince_ribbit1,
          uniq_edmund
D:7:      minmay_the_grid_square_5x5_3x3 [minmay_the_grid_square_5x5_inner_v,
          minmay_the_grid_square_5x5_tri_point,
          minmay_the_grid_square_5x5_intrusive_squares,
          minmay_the_grid_square_5x5_minivault,
          minmay_the_grid_square_5x5_megaprize_diamond,
          minmay_the_grid_square_5x5_tetrominoes,
          minmay_the_grid_square_5x5_plus, minmay_the_grid_square_5x5_three,
          minmay_the_grid_square_5x5_forky], layout_basic,
          mainiacjoe_overflow_tiny_flanked
D:8:      layout_rooms, lair_entry_dummy
Temple:   cyrus_circular_temple

Skill      XL: |  1  2  3  4  5  6  7  8  9 10 |
---------------+-------------------------------+-----
Short Blades   | 3 4 5 6 7 8 |  8.5
Dodging        | 2 3 4 5 7 8 10 | 10.5
Stealth        | 6 7 8 10 12 13 | 13.5
Fighting       | 3 4 5 6 7 |  7.1
Throwing       | |  2.2

Action                   |  1- 3 |  4- 6 |  7- 9 | 10-12 || total
-------------------------+-------+-------+-------+-------++-------
Melee: Dagger            |    41 |   122 |    16 |   194 ||   373
       Spear             |     3 |       |   171 |   151 ||   325
       Punch             |       |     3 |       |     7 ||    10
       Short sword       |       |    48 |    73 |       ||   121
Throw: Dart              |       |    21 |    13 |       ||    34
Invok: Lunge             |       |       |     7 |    15 ||    22
       Whirlwind         |       |       |       |    31 ||    31
 Abil: Wall Jump         |       |       |       |     1 ||     1
Evoke: Wand              |       |     1 |    15 |       ||    16
  Use: Potion            |       |       |     7 |     2 ||     9
 Stab: Sleeping          |    16 |    21 |    21 |    23 ||    81
       Distracted        |       |       |     3 |     1 ||     4
Armor: Robe              |     2 |    25 |    17 |       ||    44
       Ring mail         |       |       |    22 |    69 ||    91
Dodge: Dodged            |    13 |   127 |   223 |   291 ||   654

Table legend: (Time is in decaauts)
 A = Elapsed time spent in this place.
 B = Non-inter-level travel time spent in this place.
 C = Inter-level travel time spent in this place.
 D = Time resting spent in this place.
 E = Time spent auto-exploring this place.
 F = Levels seen in this place.
 G = Mean time per level.
                   A        B        C        D        E       F      G
               +--------+--------+--------+--------+--------+-----+--------+
         Total |  10219 |   9881 |    338 |    412 |   7509 |   9 | 1135.4 |
       Dungeon |  10014 |   9688 |    326 |    412 |   7336 |   8 | 1251.8 |
        Temple |    204 |    192 |     12 |      0 |    173 |   1 |  204.0 |
               +--------+--------+--------+--------+--------+-----+--------+

Top non-repeatable levels by time:
     D:5: 2480 daAuts
     D:4: 1523 daAuts
     D:6: 1248 daAuts
     D:3: 1187 daAuts
     D:7: 1135 daAuts
     D:2: 924 daAuts
     D:1: 779 daAuts
     D:8: 735 daAuts
  Temple: 204 daAuts
